 Dungeon Crawl Stone Soup version 0.29-a0-284-gf9362112df (webtiles) character file.

Game seed: 12328959119319186922

9 Dabor the Cudgeller (level 2, 0/18 HPs)
             Began as a Gargoyle Gladiator on Mar 14, 2022.
             Constricted to death by a ball python (1 damage)
             ... on level 1 of the Dungeon.
             The game lasted 00:00:27 (314 turns).

Dabor the Cudgeller (Gargoyle Gladiator)             Turns: 314, Time: 00:00:27

Health: 0/18       AC:  6    Str: 17    XL:     2   Next: 16%
Magic:  2/2        EV:  9    Int:  8    God:
Gold:   8          SH:  0    Dex: 11    Spells: 1/1 levels left

rFire   . . .      SeeInvis .   a - +0 flail
rCold   . . .      Faith    .   (no shield)
rNeg    + . .      Spirit   .   b - +0 leather armour
rPois   ∞          Reflect  .   c - +0 helmet
rElec   +          Harm     .   (no cloak)
rCorr   .          Rampage  .   (no gloves)
Will    .....                   (no boots)
Stlth   +.........              (no amulet)
HPRegen 0.06/turn               (no ring)
MPRegen 0.08/turn               (no ring)

@: constricted
A: sickness immunity, AC +2, negative energy resistance 1, electricity
resistance, torment resistance 1, petrification resistance
a: no special abilities


You were on level 1 of the Dungeon.
You visited 1 branch of the dungeon, and saw 1 of its levels.

You collected 8 gold pieces.

Inventory:

Hand Weapons
 a - a +0 flail (weapon)
Missiles
 d - 3 throwing nets (quivered)
 e - a javelin
Armour
 b - a +0 leather armour (worn)
 c - a +0 helmet (worn)
Scrolls
 g - a scroll of teleportation {unknown}
Potions
 f - a potion of might {unknown}


   Skills:
 + Level 2.4 Fighting
 + Level 3.1 Maces & Flails
 + Level 2.0 Throwing
 + Level 2.5 Dodging


You had one spell level left.
You didn't know any spells.
Your spell library was empty.

Dungeon Overview and Level Annotations

Branches:
Dungeon (1/15)

Altars:


Innate Abilities, Weirdness & Mutations

You are immune to sickness and miasma.
Your stone body is resilient. (AC +2)
You are immune to poison.
You resist negative energy. (rN+)
You are resistant to electric shocks. (rElec)
You are resistant to unholy torment.
You are immune to petrification.


Message History

The endoplasm is heavily wounded.
The endoplasm splashes around in the water.
You hit the endoplasm.
You kill the endoplasm!
Your Throwing skill increases to level 2!
You closely miss the goblin. The goblin closely misses you.
You closely miss the goblin. The goblin hits you with a +0 dagger.
The goblin closely misses you.
You barely miss the goblin. The goblin hits you with a +0 dagger.
You are too injured to fight recklessly!
You are too injured to fight recklessly!
You are too injured to fight recklessly!
The goblin attacks as you move away! The goblin hits you but does no damage.
You enter the shallow water.
Moving in this stuff is going to be slow.
The goblin hits you with a +0 dagger.
Your unstable footing causes you to fumble your attack.
The goblin hits you but does no damage.
You closely miss the goblin.
The goblin hits you with a +0 dagger. x2
* * * LOW HITPOINT WARNING * * *
A ball python comes into view.
The goblin splashes around in the water.
You sock the goblin!
You kill the goblin!
You hear a splash.
You enter the shallow water.
Moving in this stuff is going to be slow.
You see here a +0 dagger.
The ball python bites you.
* * * LOW HITPOINT WARNING * * *
The ball python grabs you. The ball python constricts you.
* * * LOW HITPOINT WARNING * * *
You see here 14 stones.
You completely miss the ball python.
The ball python bites you but does no damage.
The ball python constricts you.
You completely miss the ball python.
The ball python bites you but does no damage.
The ball python constricts you.
You die...

####.# #### #.# #..
######### #.# #.#
........## #.####.# .#
.≈..≈...≈# #......# .#
.......≈.# ######.##.##
≈≈≈≈≈≈≈≈.########
#.#...##
≈≈≈≈≈≈≈..†......#
#......#
≈≈≈≈≈≈≈.S@#####.#
#....... ♣♣≈≈≈.).# #.#
#....... ♣≈≈≈.≈.#
#.###.#.....
♣≈≈≈≈≈≈.#####..##.#####.
≈≈≈≈≈≈≈≈.#.......##.#
≈≈≈≈≈≈≈.≈...###..##.#
≈≈≈≈≈≈≈..#..# #.....#
≈≈...≈.≈.#..###..####
.≈≈..≈..≈#.......#


You could see a ball python.

Vanquished Creatures
  A bat (D:1)
  3 endoplasms (D:1)
  A goblin (D:1)
  2 ball pythons (D:1)
  A rat (D:1)
8 creatures vanquished.

Notes
Turn   | Place    | Note
-------+----------+-------------------------------------------
     0 | D:1      | Dabor the Gargoyle Gladiator began the quest for the Orb.
     0 | D:1      | Reached XP level 1. HP: 12/12 MP: 1/1
   295 | D:1      | Reached XP level 2. HP: 13/18 MP: 2/2
   314 | D:1      | Constricted to death by a ball python

Illustrated notes

Levels and vault maps discovered:
D:1:      dpeg_arrival_erosion, layout_loops_ring,
          chequers_ecumenical_altar_island

Skill      XL: |  1  2 |
---------------+-------+-----
Throwing       | 2 |  2.0
Fighting       | |  2.4
Maces & Flails | |  3.1
Dodging        | |  2.5

Action                   || total
-------------------------++-------
Melee: Flail             ||    28
Armor: Leather armour    ||    11
Dodge: Dodged            ||    12

Table legend: (Time is in decaauts)
 A = Elapsed time spent in this place.
 B = Non-inter-level travel time spent in this place.
 C = Inter-level travel time spent in this place.
 D = Time resting spent in this place.
 E = Time spent auto-exploring this place.
 F = Levels seen in this place.
 G = Mean time per level.
                   A        B        C        D        E       F      G
               +--------+--------+--------+--------+--------+-----+--------+
         Total |    322 |    322 |      0 |      0 |    245 |   1 |  322.0 |
       Dungeon |    322 |    322 |      0 |      0 |    245 |   1 |  322.0 |
               +--------+--------+--------+--------+--------+-----+--------+

Top non-repeatable levels by time:
     D:1: 322 daAuts
